 Dungeon Crawl Stone Soup version 0.31-a0-18-gea43df2a32 (webtiles) character file.

Game seed: 2904717307467297133

13 subawu the Sneak (level 2, -1/15 HPs)
             Began as a Kobold Enchanter on May 9, 2023.
             Slain by a jackal (2 damage)
             ... on level 1 of the Dungeon.
             The game lasted 00:02:49 (533 turns).

subawu the Sneak (Kobold Enchanter)                  Turns: 533, Time: 00:02:50

Health: -1/15      AC:  2    Str:  5    XL:     2   Next: 50%
Magic:  5/5        EV: 14    Int: 16    God:
Gold:   50         SH:  3    Dex: 15    Spells: 5/5 levels left

rFire   . . .        a - +1 dagger
rCold   . . .        h - +0 buckler
rNeg    . . .        b - +0 robe
rPois   .            (no helmet)
rElec   .            (no cloak)
rCorr   .            (no gloves)
SInv    .            (no boots)
Will    .....        (no amulet)
Stlth   ++++         (no ring)
HPRegen 0.22/turn    (no ring)
MPRegen 0.09/turn

%: no passive effects
@: no status effects
A: small, no large weapons, nightstalker 3
a: no special abilities


You were on level 1 of the Dungeon.
You visited 1 branch of the dungeon, and saw 1 of its levels.

You collected 50 gold pieces.

Inventory:

Hand Weapons
 a - a +1 dagger (weapon)
 d - a +0 mace
 g - a +0 sling
Armour
 b - a +0 robe (worn)
 f - a +0 robe
 h - a +0 buckler (worn)
Scrolls
 e - 3 scrolls of identify {unknown}
Potions
 c - 2 potions of invisibility


   Skills:
 + Level 1.3 Short Blades
 + Level 2.6 Dodging
 + Level 4.5 Stealth
 + Level 2.3 Spellcasting
 + Level 3.2 Hexes


You had 5 spell levels left.
You didn't know any spells.
Your spell library contained the following spells:

 Spells                   Type           Power      Damage    Failure   Level
 Ensorcelled Hibernation  Hex/Ice        14%        N/A       30%         2
 Confusing Touch          Hex            12%        N/A       30%         3
 Tukima's Dance           Hex            12%        N/A       30%         3
 Dazzling Flash           Conj/Hex       14%        N/A       52%         3


Dungeon Overview and Level Annotations

Branches:
Dungeon (1/15)

Altars:


Innate Abilities, Weirdness & Mutations

You are small and have problems with some larger weapons.
You are completely attuned to the shadows.


Message History

You hit the jackal.
The jackal is almost dead.
The jackal bites you but does no damage.
The jackal closely misses you. The jackal bites you.
The jackal barely misses you.
The jackal bites you but does no damage.
You hit the jackal.
You kill the jackal!
The jackal closely misses you. You block the jackal's attack.
The jackal bites you but does no damage.
The jackal closely misses you. The jackal misses you.
You block the jackal's attack. The jackal closely misses you.
The jackal barely misses you. The jackal attacks as you move away!
The jackal barely misses you.
An endoplasm comes into view.
The endoplasm quivers.
The jackal bites you. The jackal misses you. The jackal bites you.
* * * LOW HITPOINT WARNING * * *
You hit the jackal.
The jackal is heavily wounded.
The jackal bites you.
* * * LOW HITPOINT WARNING * * *
The jackal closely misses you. The jackal barely misses you.
You barely miss the jackal.
The jackal is heavily wounded.
The jackal barely misses you. x2; The jackal misses you.
The endoplasm barely misses you. The jackal barely misses you. x2
You block the jackal's attack.
Unknown command.
You closely miss the jackal. The endoplasm freezes you.
You are frozen.
* * * LOW HITPOINT WARNING * * *
The jackal barely misses you. You block the jackal's attack.
The jackal misses you.
Unknown command.
You hit the jackal.
The jackal is lightly wounded.
The jackal misses you. The jackal bites you.
You die...

#..)......#
#.........#
#....^....#
#.........#
##.......##
#.........#
#####....†....#
#.............#
#Jh@..........#
#.hhJ.........# ####
#...>#.......####...
......#..............
........#######.#####
#.# ## #.#
..###.#####
......#<...


You could see 2 endoplasms and 3 jackals.

Vanquished Creatures
  4 bats (D:1)
  An endoplasm (D:1)
  3 hobgoblins (D:1)
  A jackal (D:1)
  A frilled lizard (D:1)
  3 rats (D:1)
13 creatures vanquished.

Notes
Turn   | Place    | Note
-------+----------+-------------------------------------------
     0 | D:1      | subawu the Kobold Enchanter began the quest for the Orb.
     0 | D:1      | Reached XP level 1. HP: 10/10 MP: 3/3
   201 | D:1      | Reached XP level 2. HP: 15/15 MP: 5/5
   533 | D:1      | Slain by a jackal

Illustrated notes

Levels and vault maps discovered:
D:1:      dpeg_arrival_short_road, layout_rooms, serial_glass, glass_columns_a,
          glass_columns_a

Action                     || total
---------------------------++-------
  Melee: Dagger            ||    34
   Stab: Sleeping          ||     6
 Armour: Robe              ||    13
  Dodge: Dodged            ||    55
  Block: Buckler           ||    11

Table legend: (Time is in decaauts)
 A = Elapsed time spent in this place.
 B = Non-inter-level travel time spent in this place.
 C = Inter-level travel time spent in this place.
 D = Time resting spent in this place.
 E = Time spent auto-exploring this place.
 F = Levels seen in this place.
 G = Mean time per level.
                   A        B        C        D        E       F      G
               +--------+--------+--------+--------+--------+-----+--------+
         Total |    532 |    517 |     15 |      0 |      0 |   1 |  532.0 |
       Dungeon |    532 |    517 |     15 |      0 |      0 |   1 |  532.0 |
               +--------+--------+--------+--------+--------+-----+--------+

Top non-repeatable levels by time:
     D:1: 532 daAuts
